 Dungeon Crawl Stone Soup version 0.17.1-1-g73c8601 (webtiles) character file.

4150 Mysteryquy the Carver (level 10, -5/70 HPs)
             Began as a Human Fighter on Jan 4, 2016.
             Was a Priest of Okawaru.
             Slain by an unseen horror (7 damage)
             ... on level 10 of the Dungeon.
             The game lasted 00:22:45 (10091 turns).

Mysteryquy the Carver (Human Fighter)              Turns: 10091, Time: 00:22:45

Health: -5/70      AC: 13    Str: 21 (23) XL:     10   Next: 52%
Magic:  8/9        EV:  8    Int:  8      God:    Okawaru [***...]
Gold:   499        SH:  6    Dex: 13      Spells: 0 memorised, 9 levels left

rFire  . . .     SeeInvis .     V - +9 falchion "Qeajadgh" {holy, rElec MR++}
rCold  . . .     Clarity  .     B - +1 plate armour
rNeg   + . .     SustAt   .     f - +0 buckler
rPois  .         Gourm    .     (helmet restricted)
rElec  +         Spirit   .     w - +1 cloak
rCorr  .         Warding  .     (no gloves)
rMut   .         Stasis   .     n - +0 pair of boots
MR     ++...                    (no amulet)
Stlth  ..........               q - +3 ring of strength
                                o - ring of positive energy

@: heroism, slowed, very slow, very resistant to hostile enchantments, extremely
unstealthy
A: horns 1, deformed body, low mp 1, slow regeneration 1
a: Heroism, Renounce Religion


You were on level 10 of the Dungeon.
You worshipped Okawaru.
Okawaru was most pleased with you.
You were not hungry.

You visited 2 branches of the dungeon, and saw 11 of its levels.

You collected 499 gold pieces.

Inventory:

Hand Weapons
 a - a +0 long sword
 I - a +1 falchion
 V - the +9 falchion "Qeajadgh" (weapon) {holy, rElec MR++}
   (You found it on level 8 of the Dungeon)

   It has been blessed by the Shining One to cause great damage to the undead
   and demons.
   It insulates you from electricity.
   It affects your resistance to hostile enchantments.
 X - a cursed +0 falchion of slicing
Armour
 b - a +0 scale mail
 c - a +0 shield
 f - a +0 buckler (worn)
 n - a +0 pair of boots (worn)
 w - a +1 cloak (worn)
 y - a +2 helmet
 B - a +1 plate armour (worn)
Jewellery
 d - a +2 ring of dexterity {unknown}
 o - a ring of positive energy (left hand)
 q - a +3 ring of strength (right hand)
 J - an uncursed amulet of rage {unknown}
Wands
 x - a wand of paralysis (6)
 K - a wand of enslavement (14)
 Q - a wand of slowing (37)
 Y - a wand of disintegration (13)
Scrolls
 g - 3 scrolls of fear
 h - a scroll of enchant weapon {unknown}
 p - 2 scrolls of teleportation
 r - 6 scrolls of remove curse
 s - a scroll of immolation
 t - a scroll of noise
 v - 10 scrolls of identify
 C - 2 scrolls of magic mapping
 G - 3 scrolls of blinking
 H - 2 scrolls of fog
Potions
 i - a potion of lignification
 k - a potion of heal wounds
 D - 2 potions of flight
 N - a potion of mutation
 S - a potion of might
Books
 O - Lehudib's Reference Book on the Shifting Mountains
   (You found it on level 6 of the Dungeon)

   Spells                             Type                      Level
   a - Sandblast                      Earth                        1
   b - Passwall                       Transmutation/Earth          3
   c - Bolt of Magma                  Conjuration/Fire/Earth       5
   d - Lee's Rapid Deconstruction     Earth                        5
   e - Statue Form                    Transmutation/Earth          6
Comestibles
 e - 6 bread rations
 j - a chunk of flesh
 l - 4 slices of pizza
 z - 12 royal jellies
 E - 4 meat rations


   Skills:
 - Level 3.0(8.0) Fighting
 + Level 13.8(18.8) Long Blades
 - Level 3.0(8.0) Armour
 - Level 4.0(9.0) Shields
 + Level 0.4 Invocations


You had 9 spell levels left.
You didn't know any spells.

Dungeon Overview and Level Annotations

Branches:
Dungeon (10/15)            Temple (1/1) D:4            Lair (0/8) D:8
    Orc: D:9-12

Altars:
Ashenzari
Cheibriados
Dithmenos
Elyvilon
Fedhas
Gozag
Kikubaaqudgha
Makhleb
Nemelex Xobeh
Okawaru
Qazlal
Ru
Sif Muna
Trog
Vehumet
Xom
Yredelemnul
Zin
The Shining One

Shops:
D:5 (


Innate Abilities, Weirdness & Mutations

You have a pair of small horns on your head.
Armour fits poorly on your strangely shaped body.
Your magical capacity is low (-10% MP).
You regenerate slowly when monsters are visible.


Message History

You feel sick. Something hits you but does no damage. The wasp stings you!
* * * LOW HITPOINT WARNING * * *
You are more poisoned.
You feel as though you will be slow longer.
You slash the wasp!
You kill the wasp!
Okawaru accepts your kill.
* * * LOW HITPOINT WARNING * * *
You feel sick. Something hits you!
* * * LOW HITPOINT WARNING * * *
Drink which item? (? for menu, Esc to quit)
You feel better. Something hits you.
* * * LOW HITPOINT WARNING * * *
Something hits you.
* * * LOW HITPOINT WARNING * * *
Something hits you but does no damage. x2
Something hits you!
* * * LOW HITPOINT WARNING * * *
Something hits you!
You die...

#.# #######.#### #.#
##'## #(# ##...## #(##
##.....## #####..###
##.[.....##
#....(...###.........#
#.##.(.....+.........'
##(...###....)....#
#@.#.# ##.......##
#)##.# ##.....## #[#
.# ##...## #.# ##+##
... #.# #.. ###


There were no monsters in sight!

Vanquished Creatures
  Grinder (D:4)
  Prince Ribbit (D:7)
  A deep elf mage (D:10)
  2 hippogriffs
  Menkaure (D:7)
  A water moccasin (D:7)
  An ice beast (D:9)
  A phantom (D:9)
  A sky beast (D:8)
  A wasp (D:10)
  A centaur (D:10)
  2 orc warriors
  2 ogres
  2 big kobolds (D:10)
  5 giant frogs
  3 killer bees
  2 scorpions (D:4)
  A water moccasin skeleton (D:9)
  5 wights (D:9)
  A giant frog zombie (D:5)
  5 crimson imps
  A hound (D:10)
  6 jellies
  Crazy Yiuf (D:3)
  2 iguanas
  2 orc priests
  A gnoll shaman (D:6)
  7 orc wizards
  6 worker ants
  A killer bee zombie (D:8)
  A hound zombie (D:7)
  A worker ant zombie (D:8)
  11 adders
  10 gnolls
  3 shadow imps
  6 oozes
  2 adder skeletons
  3 worms
  4 giant geckos
  26 orcs
  2 ball pythons
  4 giant cockroaches
  15 goblins
  5 hobgoblins (D:3)
  3 jackals (D:6)
  A ball python skeleton (D:5)
  5 bats
  8 giant newts
  A jackal zombie (D:5)
  14 kobolds
  6 rats
198 creatures vanquished.

Notes
Turn   | Place    | Note
--------------------------------------------------------------
     0 | D:1      | Mysteryquy the Human Fighter began the quest for the Orb.
     0 | D:1      | Reached XP level 1. HP: 18/18 MP: 1/1
   290 | D:1      | Reached XP level 2. HP: 24/24 MP: 2/2
   932 | D:2      | Reached XP level 3. HP: 20/29 MP: 3/3
  1304 | D:2      | Found a deep blue altar of Sif Muna.
  1482 | D:3      | Reached skill level 4 in Shields
  1502 | D:3      | Reached XP level 4. HP: 28/35 MP: 4/4
  1705 | D:3      | Reached XP level 5. HP: 38/41 MP: 5/5
  2108 | D:3      | Reached skill level 5 in Long Blades
  2264 | D:3      | Reached XP level 6. HP: 28/47 MP: 6/6
  2478 | D:3      | Noticed Crazy Yiuf
  2488 | D:3      | Killed Crazy Yiuf
  2963 | D:4      | Found a staircase to the Ecumenical Temple.
  2986 | Temple   | Entered the Ecumenical Temple
  3005 | Temple   | Became a worshipper of Warmaster Okawaru
  3157 | D:4      | Noticed Grinder
  3164 | D:4      | Paralysed by Grinder for 2 turns
  3175 | D:4      | Paralysed by Grinder for 2 turns
  3188 | D:4      | Paralysed by Grinder for 5 turns
  3195 | D:4      | Killed Grinder
  3195 | D:4      | Reached skill level 7 in Long Blades
  3195 | D:4      | Reached XP level 7. HP: 21/52 MP: 7/7
  3218 | D:4      | Reached * piety under Okawaru
  3673 | D:4      | Found a sacrificial altar of Ru.
  3833 | D:5      | Entered Level 5 of the Dungeon
  3949 | D:5      | Reached skill level 8 in Long Blades
  3949 | D:5      | Reached XP level 8. HP: 58/58 MP: 8/8
  4344 | D:5      | Found Besezaref's Weapon Boutique.
  5183 | D:6      | Reached skill level 9 in Long Blades
  5313 | D:6      | Reached ** piety under Okawaru
  5334 | D:6      | Identified Lehudib's Reference Book on the Shifting Mountains
  5814 | D:7      | Found a glowing golden altar of the Shining One.
  6007 | D:7      | Reached skill level 10 in Long Blades
  6073 | D:7      | Reached XP level 9. HP: 46/63 MP: 9/9
  6755 | D:7      | Noticed Menkaure
  6772 | D:7      | Killed Menkaure
  6772 | D:7      | Reached skill level 11 in Long Blades
  7086 | D:7      | Noticed Prince Ribbit
  7093 | D:7      | Killed Prince Ribbit
  7614 | D:8      | Got a warped falchion
  7626 | D:8      | Identified the +9 falchion "Qeajadgh" {holy, rElec MR++} (You found it on level 8 of the Dungeon)
  7912 | D:8      | Reached skill level 12 in Long Blades
  8134 | D:8      | Found a staircase to the Lair.
  8323 | D:8      | Found a sparkling altar of Nemelex Xobeh.
  8326 | D:8      | Found a basalt altar of Yredelemnul.
  8329 | D:8      | Found a radiant altar of Vehumet.
  8332 | D:8      | Found a snail-covered altar of Cheibriados.
  8782 | D:9      | Reached *** piety under Okawaru
  8782 | D:9      | Reached XP level 10. HP: 70/70 MP: 10/10
  9308 | D:9      | Reached skill level 13 in Long Blades
  9651 | D:9      | Gained mutation: You regenerate slowly when monsters are visible. [potion of mutation]
  9651 | D:9      | Gained mutation: Armour fits poorly on your strangely shaped body. [potion of mutation]
  9651 | D:9      | Gained mutation: Your magical capacity is low (-10% MP). [potion of mutation]
  9656 | D:9      | Gained mutation: You have a pair of small horns on your head. [potion of beneficial mutation]
  9783 | D:10     | Entered Level 10 of the Dungeon
 10084 | D:10     | Paralysed by a wasp for 1 turns
 10091 | D:10     | HP: 2/70 [something (7)]
 10091 | D:10     | Slain by an unseen horror

Action                   |  1- 3 |  4- 6 |  7- 9 | 10-12 || total
-------------------------+-------+-------+-------+-------++-------
Melee: Long sword        |   101 |   195 |   348 |       ||   644
       Falchion          |       |       |    46 |   125 ||   171
Invok: Heroism           |       |       |     1 |     1 ||     2
  Use: Potion            |       |     1 |     6 |    14 ||    21
       Scroll            |       |       |     1 |    11 ||    12
  Eat: Chunk             |     2 |     5 |    16 |     4 ||    27
       Fruit             |       |       |     1 |     1 ||     2
       Beef jerky        |       |       |       |     1 ||     1
